 Dungeon Crawl Stone Soup version 0.30-a0-170-g85af917532 (webtiles) character file.

Game seed: 6096713100253644363

266 qw the Chopper (level 6, -3/38 HPs)
             Began as a Gargoyle Fighter on Sept 30, 2022.
             Slain by Sigmund
             ... wielding a +2 scythe of protection
              (8 damage)
             ... on level 4 of the Dungeon.
             The game lasted 00:01:11 (2755 turns).

qw the Chopper (Gargoyle Fighter)                   Turns: 2755, Time: 00:01:11

Health: -3/38      AC: 13    Str: 21    XL:     6   Next: 20%
Magic:  6/6        EV:  7    Int:  9    God:
Gold:   118        SH:  4    Dex:  9    Spells: 5/5 levels left

rFire   . . .      SeeInvis .    Y - +1 war axe
rCold   . . .      Faith    .    c - +0 buckler
rNeg    + . .      Spirit   .    u - +0 chain mail
rPois   inf        Reflect  .    (no helmet)
rElec   +          Harm     .    (no cloak)
rCorr   .          Rampage  .    (no gloves)
Will    .....                    (no boots)
Stlth   ..........               (no amulet)
HPRegen 0.12/turn                (no ring)
MPRegen 0.10/turn                (no ring)

@: brilliant
A: sickness immunity, AC +4, negative energy resistance 1, electricity
resistance, torment resistance 1, petrification resistance
a: no special abilities


You were on level 4 of the Dungeon.
You visited 1 branch of the dungeon, and saw 4 of its levels.

You collected 118 gold pieces.


Innate Abilities, Weirdness & Mutations

You are immune to sickness and miasma.
Your stone body is resilient. (AC +4)
You are immune to poison.
You resist negative energy. (rN+)
You are resistant to electric shocks. (rElec)
You are resistant to unholy torment.
You are immune to petrification.


   Skills:
 - Level 4.0 Fighting
 + Level 5.1 Axes
 - Level 1.2 Throwing
 - Level 3.2 Armour
 - Level 3.2 Shields


You had 5 spell levels left.
You didn't know any spells.
Your spell library was empty.

Inventory:

Hand Weapons
 n - a +0 morningstar
 Y - a +1 war axe (weapon)
Missiles
 g - 5 boomerangs
 k - a silver boomerang (quivered)
Armour
 c - a +0 buckler (worn)
 u - a +0 chain mail (worn)
Scrolls
 h - a scroll of teleportation
Potions
 d - a potion of might
 e - a potion of degeneration {unknown}
 f - a potion of berserk rage {unknown}
 i - 3 potions of lignification
 j - a potion of ambrosia {unknown}
 l - a potion of flight {unknown}
 m - a potion of haste {unknown}
 o - a potion of attraction {unknown}
 p - a potion of invisibility {unknown}
 r - a potion of resistance {unknown}
 t - a potion of curing {unknown}

Dungeon Overview and Level Annotations

Branches:
Dungeon (4/15)
 Temple: D:4-7

Altars:
Qazlal

Annotations:
D:4 Sigmund


Message History

The giant cockroach is severely wounded.
The giant cockroach barely misses you. Something hits you.
The giant cockroach bites you but does no damage.
You barely miss the giant cockroach.
The giant cockroach is severely wounded.
The giant cockroach waves its antennae.
The giant cockroach barely misses you. Something hits you but does no damage.
You slash the giant cockroach!
You kill the giant cockroach!
Something hits you.
You swing at nothing.
Something hits you!
You swing at nothing.
You swing at nothing.
Something hits you.
You swing at nothing.
A magic dart appears from out of thin air!
The magic dart hits you. Something hits you but does no damage.
You swing at nothing.
You swing at nothing.
Something hits you but does no damage.
You swing at nothing.
A magic dart appears from out of thin air!
The magic dart hits you but does no damage.
You swing at nothing.
Something hits you but does no damage.
You swing at nothing.
Something hits you.
You swing at nothing.
A magic dart appears from out of thin air!
The magic dart hits you but does no damage.
You swing at nothing.
You hear some strange, mumbled words.
A puff of flame appears from out of thin air!
The puff of flame hits you.
You swing at nothing.
Something hits you.
You swing at nothing.
Something hits you!
You die...

############
#<........>#
#..$.......#
#..........#
#....!.....#
#.....{....##
#[..@<......#
#....$..$...#
#...........#
####.######.#
#.# # ... ...
....


There were no monsters in sight!

Vanquished Creatures
  Jessica (D:3)
  Natasha (thrice) (D:3)
  5 gnolls
  4 adders
  A worm (D:3)
  3 dart slugs
  An orc (D:2)
  8 ball pythons
  5 bats
  7 endoplasms
  6 giant cockroaches
  5 goblins
  4 hobgoblins
  6 kobolds
  4 quokkas
  4 frilled lizards
  5 rats
72 creatures vanquished.

Notes
Turn   | Place    | Note
-------+----------+-------------------------------------------
     0 | D:1      | qw the Gargoyle Fighter began the quest for the Orb.
     0 | D:1      | Reached XP level 1. HP: 14/14 MP: 1/1
     0 | D:1      | 0 ||| qw: Version: 0.2-a-12-gaebbb33
     0 | D:1      | 0 ||| qw: Game counter: 1622
     0 | D:1      | 0 ||| qw: Always use a shield: true
     0 | D:1      | 0 ||| qw: God list: Okawaru
     0 | D:1      | 0 ||| qw: Allow faded altars: false
     0 | D:1      | 0 ||| qw: Do Orc after D:15 true
     0 | D:1      | 0 ||| qw: Do second Lair branch before Depths: true
     0 | D:1      | 0 ||| qw: Lair rune preference: random
     0 | D:1      | 0 ||| qw: Plans: Normal, Zot:1-4, God:TSO, Crypt, Tomb,
                  | Pan, Slime:5, Hells, Abyss, Orb
     0 | D:1      | 0 ||| PLANNING D:1-11
    62 | D:1      | Reached skill level 2 in Axes
   161 | D:1      | Reached XP level 2. HP: 13/19 MP: 2/2
   275 | D:1      | 275 ||| Stepping ~*~*~tactically~*~*~ (hiding).
   276 | D:1      | 276 ||| Stepping ~*~*~tactically~*~*~ (hiding).
   368 | D:1      | 368 ||| Stepping ~*~*~tactically~*~*~ (stealth).
   374 | D:1      | 374 ||| Stepping ~*~*~tactically~*~*~ (stealth).
   381 | D:1      | Reached skill level 3 in Axes
   468 | D:1      | 468 ||| Stepping ~*~*~tactically~*~*~ (stealth).
   491 | D:1      | Reached XP level 3. HP: 23/23 MP: 3/3
   493 | D:1      | 493 ||| Stepping ~*~*~tactically~*~*~ (stealth).
   494 | D:1      | 494 ||| Stepping ~*~*~tactically~*~*~ (stealth).
   501 | D:1      | 501 ||| Stepping ~*~*~tactically~*~*~ (stealth).
   502 | D:1      | 502 ||| Stepping ~*~*~tactically~*~*~ (stealth).
   506 | D:1      | 506 ||| DROPPING +0 club.
   537 | D:1      | 537 ||| Stepping ~*~*~tactically~*~*~ (stealth).
  1062 | D:1      | 1062 ||| READING scroll labelled BONTOI WUCH.
  1063 | D:1      | 1063 ||| READING scroll labelled ASEOSTR OS NAO.
  1140 | D:2      | 1140 ||| Stepping ~*~*~tactically~*~*~ (hiding).
  1151 | D:2      | Found a faded altar of an unknown god.
  1197 | D:2      | Reached XP level 4. HP: 28/28 MP: 4/4
  1262 | D:2      | 1262 ||| DROPPING +0 whip.
  1355 | D:2      | 1355 ||| Stepping ~*~*~tactically~*~*~ (stealth).
  1356 | D:2      | 1356 ||| Stepping ~*~*~tactically~*~*~ (stealth).
  1364 | D:2      | Reached skill level 4 in Axes
  1379 | D:2      | 1379 ||| Stepping ~*~*~tactically~*~*~ (hiding).
  1380 | D:2      | 1380 ||| Stepping ~*~*~tactically~*~*~ (hiding).
  1811 | D:2      | 1811 ||| READING scroll labelled WUSHRE LENTOPTI.
  1856 | D:2      | 1856 ||| READING 2 scrolls labelled KOLUKU CIAM.
  1859 | D:2      | 1859 ||| READING scroll labelled LEOXTU OTANYUST.
  1860 | D:2      | 1860 ||| READING scroll labelled QOYQUZXU JARA.
  1861 | D:2      | 1861 ||| DRINKING 2 bubbling inky potions.
  1971 | D:3      | Noticed Natasha
  1972 | D:3      | 1972 ||| Stepping ~*~*~tactically~*~*~ (hiding).
  1973 | D:3      | 1973 ||| Stepping ~*~*~tactically~*~*~ (hiding).
  1980 | D:3      | Killed Natasha
  1990 | D:3      | Reached XP level 5. HP: 32/32 MP: 5/5
  2012 | D:3      | Found a stormy altar of Qazlal.
  2022 | D:3      | 2022 ||| Stepping ~*~*~tactically~*~*~ (stealth).
  2026 | D:3      | Noticed Natasha
  2027 | D:3      | 2027 ||| Stepping ~*~*~tactically~*~*~ (hiding).
  2034 | D:3      | Killed Natasha
  2035 | D:3      | 2035 ||| Stepping ~*~*~tactically~*~*~ (stealth).
  2111 | D:3      | Noticed Jessica
  2112 | D:3      | 2112 ||| Stepping ~*~*~tactically~*~*~ (hiding).
  2113 | D:3      | 2113 ||| Stepping ~*~*~tactically~*~*~ (hiding).
  2123 | D:3      | Killed Jessica
  2124 | D:3      | Reached skill level 5 in Axes
  2180 | D:3      | 2180 ||| Stepping ~*~*~tactically~*~*~ (stealth).
  2184 | D:3      | 2184 ||| Stepping ~*~*~tactically~*~*~ (stealth).
  2189 | D:3      | 2189 ||| Stepping ~*~*~tactically~*~*~ (stealth).
  2190 | D:3      | 2190 ||| FLEEEEING.
  2196 | D:3      | 2196 ||| FLEEEEING.
  2197 | D:3      | 2197 ||| FLEEEEING.
  2198 | D:3      | 2198 ||| Stepping ~*~*~tactically~*~*~ (hiding).
  2200 | D:3      | 2200 ||| Stepping ~*~*~tactically~*~*~ (hiding).
  2210 | D:3      | Reached skill level 1 in Throwing
  2213 | D:3      | 2213 ||| FLEEEEING.
  2214 | D:3      | 2214 ||| FLEEEEING.
  2215 | D:3      | 2215 ||| FLEEEEING.
  2216 | D:3      | 2216 ||| FLEEEEING.
  2217 | D:3      | 2217 ||| FLEEEEING.
  2220 | D:3      | 2220 ||| FLEEEEING.
  2221 | D:3      | 2221 ||| FLEEEEING.
  2222 | D:3      | 2222 ||| FLEEEEING.
  2223 | D:3      | 2223 ||| FLEEEEING.
  2226 | D:3      | 2226 ||| FLEEEEING.
  2227 | D:3      | 2227 ||| FLEEEEING.
  2230 | D:3      | 2230 ||| FLEEEEING.
  2231 | D:3      | 2231 ||| FLEEEEING.
  2233 | D:3      | 2233 ||| FLEEEEING.
  2234 | D:3      | 2234 ||| FLEEEEING.
  2235 | D:3      | 2235 ||| FLEEEEING.
  2236 | D:3      | 2236 ||| FLEEEEING.
  2237 | D:3      | 2237 ||| FLEEEEING.
  2246 | D:3      | 2246 ||| FLEEEEING.
  2247 | D:3      | 2247 ||| FLEEEEING.
  2248 | D:3      | 2248 ||| FLEEEEING.
  2249 | D:3      | 2249 ||| FLEEEEING.
  2250 | D:3      | 2250 ||| FLEEEEING.
  2251 | D:3      | 2251 ||| FLEEEEING.
  2252 | D:3      | 2252 ||| FLEEEEING.
  2253 | D:3      | 2253 ||| FLEEEEING.
  2256 | D:3      | 2256 ||| FLEEEEING.
  2257 | D:3      | 2257 ||| FLEEEEING.
  2258 | D:3      | 2258 ||| FLEEEEING.
  2259 | D:3      | 2259 ||| FLEEEEING.
  2260 | D:3      | 2260 ||| FLEEEEING.
  2261 | D:3      | 2261 ||| FLEEEEING.
  2262 | D:3      | 2262 ||| FLEEEEING.
  2263 | D:3      | 2263 ||| FLEEEEING.
  2264 | D:3      | 2264 ||| FLEEEEING.
  2265 | D:3      | 2265 ||| FLEEEEING.
  2266 | D:3      | 2266 ||| FLEEEEING.
  2267 | D:3      | 2267 ||| FLEEEEING.
  2268 | D:3      | 2268 ||| FLEEEEING.
  2269 | D:3      | 2269 ||| FLEEEEING.
  2270 | D:3      | 2270 ||| FLEEEEING.
  2271 | D:3      | 2271 ||| FLEEEEING.
  2272 | D:3      | 2272 ||| FLEEEEING.
  2273 | D:3      | 2273 ||| STAIRDANCE
  2376 | D:2      | 2376 ||| READING scroll labelled YCAPNO CUPS.
  2377 | D:2      | 2377 ||| READING scroll labelled NIMIWN QISE.
  2521 | D:3      | Reached XP level 6. HP: 37/37 MP: 6/6
  2550 | D:3      | Noticed Natasha
  2551 | D:3      | 2551 ||| Stepping ~*~*~tactically~*~*~ (stealth).
  2557 | D:3      | Killed Natasha
  2703 | D:3      | 2703 ||| UPGRADING to +0 chain mail.
  2713 | D:3      | 2713 ||| DROPPING +0 scale mail.
  2714 | D:3      | 2714 ||| READING scroll labelled WIKEUPR VOAMP.
  2715 | D:3      | 2715 ||| READING scroll labelled RAIFRE LOCAZ.
  2716 | D:3      | 2716 ||| DRINKING 3 cyan potions.
  2717 | D:3      | 2717 ||| DROPPING 2 potions of brilliance.
  2734 | D:4      | Noticed Sigmund
  2753 | D:4      | HP: 9/38 [something/puff of flame (3)]
  2755 | D:4      | Slain by Sigmund

Levels and vault maps discovered:
D:1:      dpeg_chamrin_arrival_tetris, layout_loops_ring
D:2:      layout_loops_ring, shapermc_ecumenical_altar_notcrosses
D:3:      layout_basic, grunt_qazlal_clouds, uniq_natasha, uniq_jessica
D:4:      minmay_spotlight, layout_rooms, st_stairs_14, uniq_sigmund,
          uniq_duvessa

Skill      XL: |  1  2  3  4  5  6 |
---------------+-------------------+-----
Axes           | 2 3 4 5 |  5.1
Throwing       | 1 |  1.2
Fighting       | 4 |  4.0
Armour         | |  3.2
Shields        | |  3.2

Action                   |  1- 3 |  4- 6 || total
-------------------------+-------+-------++-------
Melee: War axe           |    68 |    90 ||   158
Throw: Boomerang         |    23 |    47 ||    70
  Use: Scroll            |     2 |     8 ||    10
       Potion            |       |     2 ||     2
Armor: Scale mail        |    19 |    40 ||    59
       Chain mail        |       |     8 ||     8
Dodge: Dodged            |    23 |    43 ||    66
Block: Buckler           |    15 |    13 ||    28

Table legend:
 A = Non-vault XP
 B = Vault XP
 C = Vault XP percentage of total XP
 D = Non-vault monster count
 E = Vault monster count
 F = Vault count percentage of total count
                 A         B        C        D         E       F
            +---------+---------+-------+---------+---------+-------
      Total |     309 |      72 |  18.9 |      70 |       2 |   2.8
            +---------+---------+-------+---------+---------+-------
        D:1 |      61 |       0 |   0.0 |      26 |       0 |   0.0
        D:2 |      52 |       0 |   0.0 |      21 |       0 |   0.0
        D:3 |     194 |      72 |  27.1 |      22 |       2 |   8.3
        D:4 |       2 |       0 |   0.0 |       1 |       0 |   0.0
            +---------+---------+-------+---------+---------+-------
